Map: Prion Terraces

Players

LilDicky - Winner!

  • Race: Terran Terran
  • League: Diamond

Tom

  • Race: Zerg Zerg
  • League: Platinum

VOD

http://www.twitch.tv/tumescentpie

Description

Time

  • Played on: Nov. 29, 2015, 4:57 p.m.
  • Length: 13:12
Show
View Real Time Build Order
Export as new Build Order

LilDicky Terran - Winner!

Build Orders: MMM Bio 

Get SALT Encoding   

  12  0:02  SCV  
  13  0:14  SCV  
  14  0:25  Supply Depot  
  14  0:26  SCV  
  15  0:47  SCV  
  16  0:59  SCV  
  16  1:02  Barracks  
  17  1:06  Barracks  
  17  1:11  SCV  
  18  1:15  Supply Depot  
  18  1:23  SCV  
  19  1:35  SCV  
  20  1:40  Supply Depot  
  20  1:47  SCV  
  20  1:53  Marine  
  20  1:54  Marine  
  22  1:58  Bunker  
  23  2:04  Bunker  
  23  2:07  Bunker  
  23  2:10  SCV  
  23  2:11  Marine x2  
  26  2:29  Marine x2  
  25  3:00  Orbital Command  
  25  3:03  Command Center  
  21  3:06  Barracks  
  19  3:29  SCV  
  20  3:34  Command Center  
  20  3:41  SCV  
  21  3:53  SCV  
  21  3:54  Marine  
  23  3:56  Refinery  
  23  4:00  Refinery  
  23  4:02  Supply Depot  
  23  4:05  SCV  
  24  4:14  Marine  
  25  4:18  Marine  
  25  4:19  Marine  
  25  4:21  SCV  
  25  4:22  Orbital Command  
  28  4:32  Marine  
  28  4:35  Marine  
  28  4:37  Marine  
  31  4:50  Marine  
  32  4:53  Marine  
  32  4:55  Marine  
  32  4:59  Orbital Command  
  32  5:08  Marine  
  32  5:11  SCV, Marine  
  32  5:13  Marine  
  36  5:14  Factory  
  36  5:24  Bunker  
  36  5:27  Bunker  
  37  5:29  SCV x2  
  37  5:30  Marine  
  41  5:40  Orbital Command  
  39  5:46  Barracks Tech Lab  
  39  5:50  Barracks Tech Lab  
  39  5:52  SCV  
  39  5:56  Barracks Reactor  
  40  6:09  SCV x2  
  40  6:10  SCV  
  40  6:11  Factory Tech Lab, Bunker  
  43  6:15  Combat Shields  
  43  6:16  Stimpack  
  43  6:19  Marine x2  
  43  6:21  SCV, Starport  
  43  6:25  SCV x2  
  48  6:33  Siege Tank  
  48  6:34  SCV  
  48  6:37  Marine x2  
  54  6:45  Marine x2  
  54  6:46  SCV  
  57  6:48  SCV x2, Refinery  
  57  6:49  Refinery  
  59  6:55  Command Center, Refinery  
  59  6:56  Refinery, Marine  
  59  6:58  SCV  
  59  7:00  SCV  
  61  7:10  SCV x2  
  61  7:13  Marine  
  61  7:14  Marine  
  61  7:15  Siege Tank  
  68  7:16  Barracks Reactor  
  68  7:22  SCV  
  69  7:28  Liberator x2  
  69  7:35  Supply Depot x2  
  69  7:37  Supply Depot x2  
  69  7:41  SCV x2  
  77  7:54  Supply Depot  
  77  7:56  SCV  
  78  7:59  Supply Depot x2  
  78  8:01  SCV x2  
  78  8:04  Supply Depot  
  78  8:05  Marine x2  
  82  8:06  Siege Tank  
  82  8:08  SCV, Marine x2  
  88  8:13  SCV x2  
  90  8:20  SCV  
  90  8:22  Engineering Bay  
  90  8:26  Marauder x2  
  84  8:37  Engineering Bay  
  84  8:40  Widow Mine  
  85  8:45  SCV x2  
  86  8:48  Missile Turret  
  86  8:50  SCV  
  86  8:51  Marine  
  86  8:52  Marine  
  86  8:55  Terran Infantry Weapons Level 1, Missile Turret  
  88  8:57  SCV  
  89  9:04  SCV x2  
  92  9:10  SCV  
  92  9:16  SCV x2  
  93  9:20  Terran Infantry Armor Level 1  
  93  9:22  SCV  
  94  9:28  SCV x2  
  96  9:34  SCV  
  96  9:36  Missile Turret  
  96  9:38  Liberator x2  
  94  9:40  SCV  
  94  9:44  Planetary Fortress  
  95  9:46  SCV x2  
  95  9:50  Missile Turret  
  95  9:52  SCV  
  98  9:54  Missile Turret, Marine x3  
  98  9:56  Siege Tank  
  98  9:57  Marine  
  98  9:58  SCV  
  112  10:10  SCV x2, Missile Turret, Barracks x3  
  112  10:11  Barracks, Marine  
  88  10:14  Marine  
  88  10:15  Missile Turret  
  88  10:16  Marine x2  
  88  10:24  Liberator  
  88  10:29  Marine  
  88  10:32  Marine  
  88  10:33  Marine x2  
  92  10:35  Missile Turret  
  92  10:36  SCV, Missile Turret  
  92  10:37  Missile Turret  
  96  10:47  Marine  
  96  10:49  Marine  
  97  10:51  Marine x2  
  97  10:53  Liberator  
  100  10:58  Barracks Reactor x2  
  100  10:59  Barracks Tech Lab  
  100  11:00  Barracks Reactor  
  100  11:02  Missile Turret  
  100  11:05  Siege Tank, Missile Turret, Marine  
  100  11:07  Marine  
  100  11:09  Marine x2  
  110  11:15  Armory  
  110  11:17  Refinery  
  110  11:18  SCV, Refinery  
  111  11:19  SCV  
  111  11:23  Marine  
  111  11:25  SCV, Marine x2  
  114  11:27  Marauder, Marine  
  114  11:32  Medivac  
  121  11:33  SCV  
  121  11:34  SCV  
  121  11:38  Starport  
  123  11:41  SCV, Marine  
  123  11:43  Marine x2  
  123  11:44  Marine x2  
  123  11:45  Marine  
  130  11:48  Siege Tank, Missile Turret x2, Marine  
  134  11:58  Marine  
  134  12:01  Marine x2  
  135  12:06  Marine x2  
  128  12:35  Supply Depot  
  128  12:36  Supply Depot  
  128  12:37  Supply Depot  
  128  12:43  Command Center  
  128  12:48  Command Center  
  128  13:00  Starport Reactor  
  128  13:08  Command Center x2  
Show
View Real Time Build Order
Export as new Build Order

Tom Zerg 

Build Orders: Hatch First, Muta Ling Bane 

Get SALT Encoding   

  12  0:01  Drone  
  13  0:12  Overlord  
  13  0:17  Drone  
  14  0:31  Drone x2  
  16  0:37  Drone  
  17  0:56  Hatchery  
  16  1:03  Drone, Extractor  
  16  1:14  Spawning Pool  
  15  1:18  Drone  
  15  1:20  Drone  
  15  1:24  Drone  
  18  1:30  Drone  
  19  1:43  Overlord  
  19  2:02  Zergling x4  
  21  2:09  Zergling x2  
  22  2:20  Zergling x4  
  23  2:36  Zergling x6  
  26  2:37  Queen  
  26  2:39  Metabolic Boost  
  27  2:54  Zergling x6  
  29  3:10  Drone x3, Queen  
  31  3:22  Drone x2  
  32  3:33  Drone x2  
  34  3:46  Drone  
  34  3:47  Evolution Chamber, Drone  
  35  3:48  Overlord  
  35  4:00  Overlord  
  35  4:05  Overlord  
  35  4:09  Lair  
  35  4:12  Queen  
  37  4:24  Drone x4  
  38  4:25  Drone x3  
  42  4:34  Drone x2  
  44  4:39  Zerg Melee Weapons Level 1  
  44  4:43  Extractor  
  43  4:46  Extractor  
  43  4:48  Spore Crawler, Extractor  
  43  4:50  Spore Crawler, Queen  
  38  5:04  Baneling Nest  
  37  5:12  Drone x8  
  45  5:14  Zergling x2  
  46  5:25  Spire  
  46  5:28  Zergling x2  
  46  5:38  Zergling x6  
  49  5:56  Centrifical Hooks  
  49  6:00  Zergling x4  
  49  6:01  Zergling x4  
  52  6:06  Zergling x2  
  52  6:07  Zergling x2  
  54  6:24  Hatchery  
  53  6:37  Mutalisk x3  
  53  6:38  Overlord  
  53  6:39  Overlord  
  59  6:44  Zergling x2  
  60  6:58  Zerg Ground Armor Level 1  
  60  6:59  Zergling x12  
  60  7:00  Zergling x2  
  67  7:07  Baneling x5  
  67  7:09  Baneling x2  
  67  7:25  Mutalisk x3  
  67  7:27  Mutalisk  
  75  7:34  Drone  
  75  7:36  Overlord  
  77  7:37  Drone  
  77  7:38  Drone  
  78  7:48  Queen  
  78  7:50  Drone  
  81  7:53  Drone  
  82  8:02  Overlord  
  82  8:04  Drone  
  82  8:05  Drone x3  
  86  8:17  Zergling x2  
  86  8:18  Zergling x6  
  90  8:20  Overlord  
  90  8:32  Baneling  
  90  8:33  Baneling x5  
  91  8:34  Zergling x2  
  89  8:45  Corruptor x3  
  89  8:46  Corruptor x2  
  99  8:57  Zergling x12  
  99  8:58  Overlord, Zergling x2  
  106  9:04  Zerg Melee Weapons Level 2  
  106  9:09  Overlord  
  104  9:21  Zergling x2  
  104  9:22  Zergling x14  
  110  9:36  Corruptor  
  110  9:37  Corruptor x2  
  108  9:55  Hatchery  
  70  10:31  Zergling x2  
  70  10:32  Zergling x22  
  82  10:40  Infestation Pit  
  80  10:43  Zergling x2  
  80  10:44  Zergling x4  
  83  10:58  Zergling x2  
  83  10:59  Zergling x4  
  86  11:06  Zergling x2  
  86  11:07  Zergling x12  
  86  11:08  Baneling x6  
  86  11:09  Baneling x5  
  93  11:12  Queen  
  93  11:17  Zergling x4  
  93  11:18  Zergling x2  
  98  11:27  Hatchery  
  97  11:34  Baneling  
  97  11:35  Baneling x19  
  97  11:36  Zergling x14  
  97  11:37  Zergling x16  
  112  11:43  Zergling x4  
  114  11:51  Zergling x8  
  119  11:54  Zergling x2  
  119  11:55  Zergling x2  
  119  11:56  Zergling x4  
Tags
 
Add a new tag
Caveats
  • Supply blocks, unpowered buildings, or Contaminate may cause inaccurate times.
  • Supply counts are checked every 10 seconds.